 Dungeon Crawl Stone Soup version 0.31.0-11-ge490571c62 (webtiles) character file.

Game seed: 11352287071257293605

653 qw the Shooter (level 7, -6/35 HPs)
             Began as a Spriggan Hunter on Feb 4, 2024.
             Was an Initiate of Okawaru.
             Killed by nerve-wracking pain
             ... invoked by an orc priest
              (9 damage)
             ... on level 5 of the Dungeon.
             The game lasted 00:00:13 (3185 turns).

qw the Shooter (Spriggan Hunter)                    Turns: 3185, Time: 00:00:14

Health: -6/35      AC:  2    Str:  7    XL:     7   Next: 28%
Magic:  8/8        EV: 22    Int: 10    God:    Okawaru [......]
Gold:   128        SH:  0    Dex: 21    Spells: 6/6 levels left

rFire   . . .        a - +1 shortbow
rCold   . . .        (shield currently unavailable)
rNeg    . . .        c - +0 robe
rPois   .            (helmet restricted)
rElec   .            (no cloak)
rCorr   .            (gloves unavailable)
SInv    +            (boots unavailable)
Will    +....        (no amulet)
Stlth   ++           (no ring)
HPRegen 0.25/turn    (no ring)
MPRegen 0.11/turn

%: no passive effects
@: about to teleport, very quick
A: very small, no large weapons, unfitting armour, see invisible, speed 3
a: Renounce Religion


You were on level 5 of the Dungeon.
You worshipped Okawaru.
Okawaru was noncommittal.
You visited 2 branches of the dungeon, and saw 6 of its levels.

You collected 128 gold pieces.


Innate Abilities, Weirdness & Mutations

You are very small and have problems with some larger weapons.
You are too small for most types of armour.
You have supernaturally acute eyesight. (SInv)
You cover ground extremely quickly. (Speed+++)


   Skills:
 - Level 2.0 Fighting
 + Level 7.2 Ranged Weapons
 - Level 7.1 Dodging
 - Level 1.5 Stealth


You had 6 spell levels left.
You didn't know any spells.
Your spell library was empty.

Inventory:

Hand Weapons
 a - a +1 shortbow (weapon)
Armour
 c - a +0 robe (worn)
Jewellery
 d - an amulet of guardian spirit
Wands
 e - a wand of light (8)
Scrolls
 f - 3 scrolls of teleportation
Potions
 i - 2 potions of curing
 j - 2 potions of mutation

Dungeon Overview and Level Annotations

Branches:
Dungeon (5/15)             Temple (1/1) D:5

Altars:
Ashenzari
Cheibriados
Dithmenos
Elyvilon
Fedhas
Gozag
Hepliaklqana
Kikubaaqudgha
Makhleb
Nemelex Xobeh
Okawaru
Qazlal
Ru
Sif Muna
Trog
Uskayaw
Vehumet
Xom
Yredelemnul
Zin
The Shining One

Shops:
D:3 (


Message History

Okawaru accepts your kill.
You shoot an arrow.
The arrow closely misses the orc priest.
The arrow closely misses the orc.
The orc priest mumbles some strange prayers to Beogh against you.
You resist with significant effort.
You shoot an arrow. The arrow hits the jackal.
The jackal is almost dead.
You shoot an arrow. The arrow hits the jackal!
You kill the jackal!
Okawaru accepts your kill.
The orc priest calls down the wrath of Beogh upon you.
Pain shoots through your body!
You shoot an arrow. The arrow hits the orc priest.
The orc priest is lightly wounded.
You shoot an arrow.
The arrow closely misses the orc priest.
You shoot an arrow.
The arrow hits the orc priest but does no damage.
The orc priest is lightly wounded.
The orc priest completely misses you. The orc hits you with a +0 dagger.
The orc closely misses you.
The orc priest calls down the wrath of Beogh upon you.
Pain shoots through your body!
You shoot an arrow. The arrow hits the orc priest.
The orc priest is moderately wounded.
The orc priest hits you with a +0 mace. The orc closely misses you.
You shoot an arrow. The arrow barely misses the orc priest.
The orc hits you with a +0 dagger. The orc priest misses you.
3183 ||| READING 4 scrolls of teleportation.
As you read the scroll of teleportation, it crumbles to dust.
You feel strangely unstable. The orc priest hits you with a +0 mace.
The orc barely misses you.
You shoot an arrow.
The arrow closely misses the orc priest.
The orc priest closely misses you. The orc barely misses you.
You shoot an arrow. The arrow barely misses the orc priest.
The orc priest invokes the aid of Beogh against you.
Pain shoots through your body!
You die...

..?.....# .....)..#
....)..%.# ....).....
.........# ..>......#
.......oo# ........@#
.........# #########
#........###...#...##
##.....#.#..........##
#######.#...........#
##.............#
#..............#
##.#......<....#
###..##.........#.+


You could see an orc priest and an orc.

Vanquished Creatures
  Grinder (D:4)
  An ogre (D:4)
  A scorpion (D:4)
  A bombardier beetle (D:5)
  An orc priest (D:4)
  2 sleepcaps
  An orc wizard (D:4)
  6 gnolls
  4 adders
  2 ribbon worms
  5 dart slugs
  6 orcs
  4 bats
  7 endoplasms
  4 giant cockroaches
  8 hobgoblins
  2 jackals (D:5)
  6 kobolds
  5 ball pythons
  2 frilled lizards (D:1)
  8 goblins
  5 rats
82 creatures vanquished.

Notes
Turn   | Place    | Note
-------+----------+-------------------------------------------
     0 | D:1      | qw the Spriggan Hunter began the quest for the Orb.
     0 | D:1      | Reached XP level 1. HP: 10/10 MP: 2/2
     0 | D:1      | 0 ||| qw: Version: 0.3-a-160-g6735b56
     0 | D:1      | 0 ||| qw: Game counter: 5286
     0 | D:1      | 0 ||| qw: Melee chars always use a shield: true
     0 | D:1      | 0 ||| qw: God list: Okawaru
     0 | D:1      | 0 ||| qw: Allow faded altars: false
     0 | D:1      | 0 ||| qw: Do Orc after clearing Dungeon:15 true
     0 | D:1      | 0 ||| qw: Do second Lair branch before Depths: true
     0 | D:1      | 0 ||| qw: Lair rune preference: random
     0 | D:1      | 0 ||| qw: Goals: Normal
     0 | D:1      | 0 ||| PLANNING D:1-11
    37 | D:1      | Reached skill level 3 in Dodging
    52 | D:1      | HP: 2/10 [frozen (4)]
   115 | D:1      | Reached XP level 2. HP: 14/14 MP: 3/3
   368 | D:1      | Reached XP level 3. HP: 18/18 MP: 4/4
   644 | D:1      | 644 ||| UPGRADING to amulet of guardian spirit.
   649 | D:1      | 649 ||| READING 2 scrolls labelled ENKIANN RI XAA.
   649 | D:1      | 649 ||| IDENTIFYING fuming clear potion
   650 | D:1      | 650 ||| READING scroll of identify.
   650 | D:1      | 650 ||| IDENTIFYING 2 brown potions
   651 | D:1      | 651 ||| READING 2 scrolls labelled FENTYO VILAQOTT.
   654 | D:1      | 654 ||| READING scroll labelled EFFIUSIUPN.
   655 | D:1      | 655 ||| READING scroll labelled GOACENO VUTUN.
   656 | D:1      | 656 ||| DROPPING scroll of butterflies.
  1366 | D:2      | 1366 ||| READING scroll of identify.
  1366 | D:2      | 1366 ||| IDENTIFYING emerald potion
  1367 | D:2      | 1367 ||| READING 3 scrolls labelled NIQAOWKEIZIR.
  1368 | D:2      | 1368 ||| DROPPING 2 scrolls of immolation.
  1369 | D:2      | 1369 ||| DROPPING potion of degeneration.
  1420 | D:3      | 1420 ||| STAIRDANCE
  1489 | D:3      | Reached XP level 4. HP: 22/22 MP: 5/5
  1610 | D:3      | Found Iqimapuw's Antique Weapon Emporium.
  1622 | D:3      | 1622 ||| READING scroll of identify.
  1622 | D:3      | 1622 ||| IDENTIFYING red potion
  2296 | D:3      | 2296 ||| READING 2 scrolls of identify.
  2296 | D:3      | 2296 ||| IDENTIFYING scroll labelled QYTAMU DUMPE
  2297 | D:3      | 2297 ||| READING scroll of enchant weapon.
  2297 | D:3      | 2297 ||| ENCHANTING +0 shortbow.
  2298 | D:3      | 2298 ||| READING scroll of identify.
  2298 | D:3      | 2298 ||| IDENTIFYING 2 scrolls labelled YWIWO WUABROEKK
  2299 | D:3      | 2299 ||| DROPPING 2 scrolls of blinking.
  2350 | D:4      | Reached XP level 5. HP: 13/26 MP: 4/6
  2350 | D:4      | HP: 5/26 [gnoll/+0 club (5)]
  2351 | D:4      | 2351 ||| READING 5 scrolls of teleportation.
  2352 | D:4      | 2352 ||| DRINKING potion of heal wounds.
  2498 | D:4      | 2498 ||| DROPPING +3 sling.
  2526 | D:4      | Noticed an ogre
  2527 | D:4      | 2527 ||| ZAPPING wand of light (13) at -1,-4 (ogre; floor).
  2528 | D:4      | 2528 ||| ZAPPING wand of light (12) at -1,-3 (ogre; floor).
  2529 | D:4      | 2529 ||| ZAPPING wand of light (11) at -1,-2 (ogre; floor).
  2529 | D:4      | Killed an ogre
  2530 | D:4      | Reached skill level 6 in Ranged Weapons
  2548 | D:4      | Noticed Grinder
  2551 | D:4      | 2551 ||| ZAPPING wand of light (10) at -5,5 (Grinder;
                  | floor).
  2552 | D:4      | 2552 ||| ZAPPING wand of light (9) at -4,4 (Grinder;
                  | floor).
  2552 | D:4      | Killed Grinder
  2553 | D:4      | Reached skill level 6 in Dodging
  2553 | D:4      | Reached XP level 6. HP: 30/30 MP: 7/7
  2559 | D:4      | Found a hazy altar of Hepliaklqana.
  2663 | D:4      | Reached XP level 7. HP: 21/35 MP: 5/8
  2663 | D:4      | 2663 ||| FLEEEEING.
  2664 | D:4      | 2664 ||| FLEEEEING.
  2665 | D:4      | 2665 ||| FLEEEEING.
  2666 | D:4      | 2666 ||| FLEEEEING.
  2667 | D:4      | 2667 ||| FLEEEEING.
  2668 | D:4      | 2668 ||| FLEEEEING.
  2669 | D:4      | 2669 ||| FLEEEEING.
  2670 | D:4      | 2670 ||| FLEEEEING.
  2673 | D:4      | 2673 ||| FLEEEEING.
  2674 | D:4      | 2674 ||| FLEEEEING.
  2675 | D:4      | 2675 ||| FLEEEEING.
  2676 | D:4      | 2676 ||| FLEEEEING.
  2680 | D:4      | 2680 ||| FLEEEEING.
  2681 | D:4      | 2681 ||| FLEEEEING.
  2682 | D:4      | 2682 ||| FLEEEEING.
  2683 | D:4      | 2683 ||| FLEEEEING.
  2684 | D:4      | 2684 ||| FLEEEEING.
  2685 | D:4      | 2685 ||| FLEEEEING.
  2686 | D:4      | 2686 ||| FLEEEEING.
  2687 | D:4      | 2687 ||| FLEEEEING.
  2690 | D:4      | 2690 ||| FLEEEEING.
  2691 | D:4      | 2691 ||| FLEEEEING.
  2693 | D:4      | 2693 ||| FLEEEEING.
  2694 | D:4      | 2694 ||| FLEEEEING.
  2695 | D:4      | 2695 ||| FLEEEEING.
  2696 | D:4      | 2696 ||| FLEEEEING.
  2697 | D:4      | 2697 ||| FLEEEEING.
  2698 | D:4      | 2698 ||| FLEEEEING.
  2699 | D:4      | 2699 ||| FLEEEEING.
  2700 | D:4      | 2700 ||| FLEEEEING.
  2701 | D:4      | 2701 ||| FLEEEEING.
  2706 | D:4      | 2706 ||| STAIRDANCE
  2729 | D:3      | 2729 ||| READING scroll labelled CEAMOG KALIXES.
  3013 | D:5      | Entered Level 5 of the Dungeon
  3016 | D:5      | 3016 ||| STAIRDANCE
  3047 | D:5      | Found a staircase to the Ecumenical Temple.
  3048 | D:5      | 3048 ||| PLANNING TEMPLE
  3058 | Temple   | Entered the Ecumenical Temple
  3059 | Temple   | 3059 ||| PLANNING OKAWARU WORSHIP
  3096 | Temple   | Became a worshipper of Warmaster Okawaru
  3097 | Temple   | 3097 ||| PLANNING D:1-11
  3097 | Temple   | 3097 ||| REMOVING amulet of guardian spirit.
  3182 | D:5      | HP: 8/35 [orc/+0 dagger (2)]
  3183 | D:5      | 3183 ||| READING 4 scrolls of teleportation.
  3183 | D:5      | HP: 2/35 [orc priest/+0 mace (6)]
  3185 | D:5      | Killed from afar by an orc priest

Levels and vault maps discovered:
D:1:      dpeg_arrival_erosion, layout_basic, minmay_misc_feat_alley
D:2:      layout_basic, roderic_serpentine_path, grunt_ministairs_3
D:3:      layout_loops_corners, serial_shops, shop
D:4:      layout_cave_pools, overflow_temple_1_default, grunt_decor_junction,
          uniq_grinder
D:5:      layout_rooms, minmay_temple_entry_junction, dk_noncrumbling_3
Temple:   mainiacjoe_temple_cubbyholes

Skill      XL: |  1  2  3  4  5  6  7 |
---------------+----------------------+-----
Dodging        | 3 4 5 6 7 |  7.1
Ranged Weapons | 5 6 7 |  7.2
Fighting       | 2 |  2.0
Stealth        | |  1.5

Action                     |  1- 3 |  4- 6 |  7- 9 || total
---------------------------+-------+-------+-------++-------
   Fire: Shortbow          |   105 |    83 |    38 ||   226
  Evoke: Wand              |       |     5 |       ||     5
    Use: Scroll            |     7 |     5 |     2 ||    14
         Potion            |       |     1 |       ||     1
 Armour: Robe              |     7 |     9 |     8 ||    24
  Dodge: Dodged            |    32 |    22 |    20 ||    74

Table legend:
 A = Non-vault XP
 B = Vault XP
 C = Vault XP percentage of total XP
 D = Non-vault monster count
 E = Vault monster count
 F = Vault count percentage of total count
                 A         B        C        D         E       F
            +---------+---------+-------+---------+---------+-------
      Total |     675 |     258 |  27.7 |      79 |       3 |   3.7
            +---------+---------+-------+---------+---------+-------
        D:1 |      57 |       0 |   0.0 |      29 |       0 |   0.0
        D:2 |      26 |       4 |  13.3 |       6 |       2 |  25.0
        D:3 |     103 |       0 |   0.0 |      24 |       0 |   0.0
        D:4 |     388 |     254 |  39.6 |      13 |       1 |   7.1
        D:5 |     101 |       0 |   0.0 |       7 |       0 |   0.0
            +---------+---------+-------+---------+---------+-------
